[ PARTIDA AOE2 · #495288578 ]
UnrankedTártaros vs Gurjaras
Equipo del jugador · VICT
Equipo rival · DERR
[ ANÁLISIS DE REPETICIÓN · EXTRAÍDO DE LA PARTIDA GRABADA ]
Feudal
8:51
Castillos
21:25
Imperial
43:02
| APM promedio | 56.5 |
| APM pico | 88 |
| eAPM promedio | 27.6 |
| Aldeanos / militares | 189 / 168 |
Foco
⚔️ 40.7% · 🌾 59.3%
Cavalry Archer ×86 · Steppe Lancer ×42 · Archer ×20 · Camel Scout ×11 · Trebuchet (Packed) ×5 · Knight ×2
Feudal
8:55
Castillos
19:23
Imperial
41:55
| APM promedio | 50.6 |
| APM pico | 124 |
| eAPM promedio | 29.1 |
| Aldeanos / militares | 167 / 183 |
Foco
⚔️ 34.4% · 🌾 65.6%
Shrivamsha Rider ×82 · Skirmisher ×63 · Camel Scout ×14 · Scorpion ×11 · Scout Cavalry ×11 · Spearman ×1
Mapa de la partida
Recursos iniciales + cada clic de construcción. Líneas = muros · curvas = relieve. ◆ oro · ⬟ piedra · ● bayas · ✦ reliquia · ◌ hueco del cierre
Tu base· ✓ Cerrada en 21:25 · 42t muro · 1 puerta(s)
Base de Synt4x· Abierta — flanco sin cerrar
Terreno inicial suavizado · ◌ = hueco del cierre detectado · pasá el cursor para detalles
Inputs por minuto
— [DDocs] Dr.Rollstuhl - Twitch - - Synt4x
Build order — [DDocs] Dr.Rollstuhl - Twitch
Primeras 150 de 534 acciones detectadas
| 0:01 | Crear | Villager (Male) |
| 0:01 | Crear | Villager (Male) |
| 0:01 | Crear | Villager (Male) |
| 0:02 | Crear | Villager (Male) |
| 0:02 | Construir | House |
| 0:03 | Construir | House |
| 1:25 | Crear | Villager (Male) |
| 1:25 | Crear | Villager (Male) |
| 1:52 | Crear | Villager (Male) |
| 1:52 | Crear | Villager (Male) |
| 1:52 | Crear | Villager (Male) |
| 2:14 | Construir | House |
| 2:21 | Construir | Mill |
| 2:24 | Crear | Villager (Male) |
| 2:24 | Crear | Villager (Male) |
| 2:51 | Crear | Villager (Male) |
| 2:51 | Crear | Villager (Male) |
| 3:08 | Crear | Villager (Male) |
| 3:08 | Crear | Villager (Male) |
| 3:08 | Crear | Villager (Male) |
| 3:17 | Crear | Villager (Male) |
| 3:17 | Crear | Villager (Male) |
| 3:46 | Crear | Villager (Male) |
| 3:46 | Crear | Villager (Male) |
| 4:23 | Crear | Villager (Male) |
| 4:23 | Crear | Villager (Male) |
| 4:26 | Crear | Villager (Male) |
| 4:26 | Crear | Villager (Male) |
| 4:54 | Crear | Villager (Male) |
| 4:54 | Crear | Villager (Male) |
| 5:03 | Construir | Lumber Camp |
| 5:11 | Crear | Villager (Male) |
| 5:13 | Crear | Villager (Male) |
| 5:13 | Crear | Villager (Male) |
| 5:48 | Investigar | Loom |
| 5:51 | Crear | Villager (Male) |
| 6:37 | Investigar | Feudal Age |
| 7:31 | Construir | House |
| 7:51 | Construir | Barracks |
| 8:31 | Crear | Villager (Male) |
| 8:51 | Edad | Edad Feudal |
| 8:53 | Construir | Archery Range |
| 9:07 | Construir | Mining Camp |
| 9:09 | Crear | Villager (Male) |
| 9:20 | Investigar | Double-Bit Axe |
| 9:34 | Crear | Villager (Male) |
| 9:37 | Crear | Archer |
| 9:52 | Crear | Villager (Male) |
| 10:02 | Construir | Mill |
| 10:09 | Crear | Spearman |
| 10:11 | Crear | Villager (Male) |
| 10:16 | Construir | House |
| 10:23 | Crear | Archer |
| 10:41 | Construir | House |
| 10:46 | Crear | Villager (Male) |
| 10:48 | Crear | Archer |
| 10:54 | Construir | House |
| 10:55 | Construir | House |
| 10:57 | Crear | Villager (Male) |
| 11:03 | Crear | Villager (Male) |
| 11:10 | Construir | House |
| 11:11 | Construir | Palisade Wall |
| 11:13 | Construir | Palisade Wall |
| 11:16 | Construir | Palisade Wall |
| 11:21 | Construir | Palisade Wall |
| 11:21 | Crear | Villager (Male) |
| 11:35 | Crear | Villager (Male) |
| 11:48 | Crear | Archer |
| 11:49 | Crear | Villager (Male) |
| 11:57 | Crear | Villager (Male) |
| 12:01 | Crear | Villager (Male) |
| 12:02 | Construir | Farm |
| 12:04 | Construir | Farm |
| 12:05 | Construir | Farm |
| 12:12 | Crear | Archer |
| 12:32 | Crear | Archer |
| 12:39 | Crear | Spearman |
| 13:24 | Crear | Archer |
| 13:25 | Crear | Villager (Male) |
| 13:28 | Construir | House |
| 13:29 | Construir | House |
| 13:34 | Crear | Villager (Male) |
| 13:43 | Construir | Palisade Gate |
| 13:44 | Crear | Villager (Male) |
| 13:48 | Construir | Farm |
| 13:49 | Crear | Villager (Male) |
| 13:58 | Construir | Farm |
| 14:00 | Construir | Farm |
| 14:04 | Crear | Villager (Male) |
| 14:20 | Crear | Villager (Male) |
| 14:30 | Construir | Blacksmith |
| 14:43 | Crear | Archer |
| 14:43 | Crear | Archer |
| 14:46 | Crear | Villager (Male) |
| 15:00 | Construir | Palisade Wall |
| 15:10 | Crear | Villager (Male) |
| 15:19 | Crear | Villager (Male) |
| 15:23 | Construir | Farm |
| 15:27 | Construir | Farm |
| 15:34 | Crear | Archer |
| 15:36 | Construir | House |
| 16:12 | Construir | House |
| 16:15 | Construir | Farm |
| 16:18 | Crear | Villager (Male) |
| 16:26 | Investigar | Fletching |
| 16:26 | Investigar | Fletching |
| 16:27 | Crear | Archer |
| 16:27 | Crear | Archer |
| 16:34 | Construir | Farm |
| 16:44 | Construir | Palisade Wall |
| 16:51 | Crear | Villager (Male) |
| 17:00 | Construir | Palisade Wall |
| 17:03 | Crear | Archer |
| 17:16 | Construir | Farm |
| 17:28 | Crear | Villager (Male) |
| 17:39 | Crear | Villager (Male) |
| 17:40 | Crear | Archer |
| 17:55 | Crear | Villager (Male) |
| 18:01 | Crear | Archer |
| 18:02 | Crear | Villager (Male) |
| 18:08 | Construir | Farm |
| 18:41 | Investigar | Castle Age |
| 18:41 | Investigar | Castle Age |
| 18:41 | Investigar | Castle Age |
| 19:01 | Construir | House |
| 19:05 | Construir | House |
| 19:11 | Investigar | Gold Mining |
| 19:12 | Investigar | Gold Mining |
| 19:16 | Crear | Archer |
| 19:22 | Investigar | Horse Collar |
| 19:41 | Construir | Lumber Camp |
| 19:52 | Crear | Villager (Male) |
| 20:01 | Construir | Archery Range |
| 20:06 | Crear | Archer |
| 20:51 | Construir | Stable |
| 21:03 | Construir | House |
| 21:10 | Construir | Farm |
| 21:10 | Construir | Farm |
| 21:21 | Crear | Archer |
| 21:25 | Edad | Edad de los Castillos |
| 21:26 | Investigar | Crossbowman (upgrade) |
| 21:26 | Investigar | Crossbowman (upgrade) |
| 21:28 | Investigar | Bodkin Arrow |
| 21:28 | Investigar | Bodkin Arrow |
| 21:34 | Crear | Archer |
| 21:39 | Crear | Cavalry Archer |
| 21:39 | Crear | Cavalry Archer |
| 21:46 | Crear | Cavalry Archer |
| 21:48 | Investigar | Husbandry |
| 21:56 | Construir | House |
Build order — Synt4x
Primeras 150 de 565 acciones detectadas
| 0:00 | Crear | Villager (Male) |
| 0:01 | Crear | Villager (Male) |
| 0:01 | Crear | Villager (Male) |
| 0:02 | Construir | House |
| 0:03 | Construir | House |
| 0:18 | Crear | Villager (Male) |
| 0:18 | Crear | Villager (Male) |
| 1:38 | Crear | Villager (Male) |
| 1:50 | Construir | Mill |
| 2:09 | Crear | Villager (Male) |
| 2:09 | Crear | Villager (Male) |
| 2:26 | Crear | Villager (Male) |
| 2:26 | Crear | Villager (Male) |
| 2:58 | Crear | Villager (Male) |
| 3:15 | Crear | Villager (Male) |
| 3:15 | Crear | Villager (Male) |
| 3:36 | Construir | House |
| 3:50 | Crear | Villager (Male) |
| 3:51 | Crear | Villager (Male) |
| 3:55 | Construir | House |
| 4:01 | Construir | House |
| 4:02 | Construir | Palisade Wall |
| 4:37 | Crear | Villager (Male) |
| 4:37 | Crear | Villager (Male) |
| 4:53 | Construir | Lumber Camp |
| 5:15 | Crear | Villager (Male) |
| 5:15 | Crear | Villager (Male) |
| 5:54 | Crear | Villager (Male) |
| 6:08 | Investigar | Loom |
| 6:41 | Investigar | Feudal Age |
| 7:16 | Construir | Mill |
| 8:02 | Construir | Barracks |
| 8:27 | Construir | House |
| 8:55 | Edad | Edad Feudal |
| 8:57 | Crear | Villager (Male) |
| 9:04 | Construir | Stable |
| 9:08 | Construir | Palisade Wall |
| 9:17 | Crear | Villager (Male) |
| 9:22 | Crear | Spearman |
| 9:37 | Crear | Villager (Male) |
| 9:55 | Construir | Palisade Wall |
| 9:56 | Crear | Villager (Male) |
| 10:00 | Construir | House |
| 10:02 | Crear | Scout Cavalry |
| 10:03 | Crear | Scout Cavalry |
| 10:07 | Construir | Farm |
| 10:08 | Construir | Farm |
| 10:24 | Crear | Villager (Male) |
| 10:26 | Construir | Farm |
| 10:44 | Construir | Farm |
| 10:52 | Crear | Villager (Male) |
| 11:07 | Construir | Farm |
| 11:13 | Construir | House |
| 11:16 | Crear | Villager (Male) |
| 11:23 | Crear | Villager (Male) |
| 11:24 | Crear | Scout Cavalry |
| 11:49 | Crear | Scout Cavalry |
| 11:53 | Construir | Farm |
| 11:53 | Construir | Farm |
| 12:06 | Construir | Palisade Wall |
| 12:07 | Construir | House |
| 12:09 | Crear | Villager (Male) |
| 12:24 | Construir | Farm |
| 12:32 | Construir | House |
| 12:38 | Construir | House |
| 12:42 | Crear | Villager (Male) |
| 13:07 | Crear | Scout Cavalry |
| 13:22 | Crear | Villager (Male) |
| 13:25 | Crear | Villager (Male) |
| 13:28 | Construir | Farm |
| 13:28 | Construir | Farm |
| 13:31 | Construir | Palisade Wall |
| 13:51 | Construir | Farm |
| 14:04 | Crear | Villager (Male) |
| 14:04 | Crear | Villager (Male) |
| 14:09 | Construir | House |
| 14:12 | Construir | Palisade Wall |
| 14:27 | Construir | Mining Camp |
| 14:28 | Crear | Villager (Male) |
| 15:13 | Crear | Villager (Male) |
| 15:13 | Crear | Villager (Male) |
| 15:23 | Construir | Blacksmith |
| 16:10 | Construir | Lumber Camp |
| 16:13 | Crear | Villager (Male) |
| 16:23 | Crear | Scout Cavalry |
| 16:43 | Investigar | Castle Age |
| 16:47 | Construir | Farm |
| 16:50 | Construir | Farm |
| 16:52 | Crear | Scout Cavalry |
| 16:59 | Investigar | Gold Mining |
| 17:02 | Investigar | Horse Collar |
| 17:17 | Construir | Farm |
| 17:20 | Construir | Farm |
| 17:29 | Construir | Farm |
| 17:34 | Crear | Scout Cavalry |
| 17:39 | Construir | Farm |
| 17:54 | Construir | Farm |
| 17:58 | Crear | Scout Cavalry |
| 18:02 | Investigar | Scale Barding Armor |
| 18:04 | Crear | Scout Cavalry |
| 18:39 | Construir | Stable |
| 18:42 | Investigar | Bloodlines |
| 18:52 | Construir | Farm |
| 18:57 | Construir | Farm |
| 19:01 | Construir | Farm |
| 19:12 | Crear | Scout Cavalry |
| 19:23 | Edad | Edad de los Castillos |
| 19:26 | Crear | Villager (Male) |
| 19:27 | Crear | Shrivamsha Rider |
| 19:27 | Crear | Shrivamsha Rider |
| 19:36 | Construir | Farm |
| 19:40 | Crear | Villager (Male) |
| 19:51 | Construir | House |
| 19:55 | Construir | Farm |
| 20:03 | Crear | Shrivamsha Rider |
| 20:03 | Crear | Shrivamsha Rider |
| 20:05 | Construir | Farm |
| 20:09 | Construir | Palisade Gate |
| 20:16 | Construir | Palisade Gate |
| 20:18 | Construir | Palisade Wall |
| 20:22 | Crear | Villager (Male) |
| 20:22 | Crear | Villager (Male) |
| 20:26 | Crear | Villager (Male) |
| 20:26 | Crear | Villager (Male) |
| 20:45 | Crear | Villager (Male) |
| 20:58 | Crear | Villager (Male) |
| 21:00 | Crear | Villager (Male) |
| 21:07 | Construir | Town Center |
| 21:14 | Crear | Shrivamsha Rider |
| 21:14 | Crear | Shrivamsha Rider |
| 21:47 | Construir | Farm |
| 21:49 | Crear | Shrivamsha Rider |
| 21:49 | Crear | Shrivamsha Rider |
| 22:00 | Crear | Shrivamsha Rider |
| 22:00 | Crear | Shrivamsha Rider |
| 22:04 | Construir | Farm |
| 22:05 | Construir | Farm |
| 22:06 | Construir | Farm |
| 22:08 | Crear | Villager (Male) |
| 22:25 | Construir | Farm |
| 22:29 | Construir | House |
| 22:29 | Construir | House |
| 22:31 | Crear | Villager (Male) |
| 22:31 | Crear | Villager (Male) |
| 23:09 | Investigar | Chain Barding Armor |
| 23:15 | Construir | House |
| 23:24 | Crear | Villager (Male) |
| 23:24 | Crear | Villager (Male) |
| 23:24 | Crear | Villager (Male) |
| 23:28 | Construir | Farm |
Cronología de la partida
| 4:02 | Synt4x · wall_segment Palisade Wall x1 |
| 7:51 | [DDocs] Dr.Rollstuhl - Twitch · first_building Barracks |
| 8:02 | Synt4x · first_building Barracks |
| 8:51 | [DDocs] Dr.Rollstuhl - Twitch · age_up feudal |
| 8:53 | [DDocs] Dr.Rollstuhl - Twitch · first_building Archery Range |
| 8:55 | Synt4x · age_up feudal |
| 9:04 | Synt4x · first_building Stable |
| 9:08 | Synt4x · wall_segment Palisade Wall x1 |
| 9:55 | Synt4x · wall_segment Palisade Wall x8 |
| 11:11 | [DDocs] Dr.Rollstuhl - Twitch · wall_segment Palisade Wall x1 |
| 11:13 | [DDocs] Dr.Rollstuhl - Twitch · wall_segment Palisade Wall x1 |
| 11:16 | [DDocs] Dr.Rollstuhl - Twitch · wall_segment Palisade Wall x1 |
| 11:21 | [DDocs] Dr.Rollstuhl - Twitch · wall_segment Palisade Wall x7 |
| 12:06 | Synt4x · wall_segment Palisade Wall x9 |
| 13:31 | Synt4x · wall_segment Palisade Wall x5 |
| 14:12 | Synt4x · wall_segment Palisade Wall x8 |
| 15:00 | [DDocs] Dr.Rollstuhl - Twitch · wall_segment Palisade Wall x1 |
| 16:44 | [DDocs] Dr.Rollstuhl - Twitch · wall_segment Palisade Wall x31 |
| 17:00 | [DDocs] Dr.Rollstuhl - Twitch · wall_segment Palisade Wall x12 |
| 19:23 | Synt4x · age_up castle |
| 20:18 | Synt4x · wall_segment Palisade Wall x1 |
| 20:51 | [DDocs] Dr.Rollstuhl - Twitch · first_building Stable |
| 21:25 | [DDocs] Dr.Rollstuhl - Twitch · age_up castle |
| 22:26 | [DDocs] Dr.Rollstuhl - Twitch · wall_segment Palisade Wall x1 |
| 22:28 | [DDocs] Dr.Rollstuhl - Twitch · wall_segment Palisade Wall x1 |
| 24:31 | Synt4x · first_building Siege Workshop |
| 29:25 | [DDocs] Dr.Rollstuhl - Twitch · first_market_sell 100 wood |
| 33:32 | [DDocs] Dr.Rollstuhl - Twitch · first_building Castle |
| 33:57 | [DDocs] Dr.Rollstuhl - Twitch · first_market_buy 100 food |
| 33:57 | Synt4x · first_building Archery Range |
| 35:22 | [DDocs] Dr.Rollstuhl - Twitch · wall_segment Palisade Wall x1 |
| 38:40 | Synt4x · first_market_sell 100 wood |
| 41:39 | Synt4x · first_building Castle |
| 41:43 | [DDocs] Dr.Rollstuhl - Twitch · first_building Siege Workshop |
| 41:55 | Synt4x · age_up imperial |
| 43:02 | [DDocs] Dr.Rollstuhl - Twitch · age_up imperial |
| 43:11 | Synt4x · first_market_buy 100 wood |
| 47:16 | Synt4x · resign |
[ ANÁLISIS IA · 1 CRÉDITO ]
¿Qué pasó realmente en esta partida?
Wolo.gg analiza cada decisión: build order, eco, micro, errores típicos por bracket. Análisis personalizado por WhatsApp o Discord en 30 segundos.
Guía civ
Tártaros
Perfil
[DDocs] Dr.Rollstuhl - Twitch